 Dungeon Crawl Stone Soup version 0.24-a0-123-ga2403f3307 (webtiles) character file.

Game seed: 0

5393 fakeknee the Carver (level 10, -14/79 HPs)
             Began as an Octopode Chaos Knight on Feb 22, 2019.
             Was a Follower of Nemelex Xobeh.
             Demolished by an ogre
             ... wielding a +0 giant club
              (33 damage)
             ... on level 8 of the Dungeon.
             The game lasted 00:23:18 (10929 turns).

fakeknee the Carver (Octopode Chaos Knight)        Turns: 10929, Time: 00:23:18

Health: -14/79     AC:  5    Str: 10 (12) XL:     10   Next: 66%
Magic:  16/16      EV: 17    Int: 15      God:    Nemelex Xobeh [*.....]
Gold:   184        SH:  0    Dex: 14      Spells: 9/9 levels left

rFire    + . .     SeeInvis .   v - +4 long sword
rCold    . . .     Gourm    .   (no shield)
rNeg     . . .     Faith    .   E - +2 hat of the Duchess {*Drain rC+ Slay+2}
rPois    .         Spirit   .   (no amulet)
rElec    .         Reflect  .   u - ring of fire
rCorr    +         Harm     .   F - ring of resist corrosion
MR       .....     Clarity  +   (no ring)
Stlth    ++++......             (no ring)
HPRegen  0.23/turn              (no ring)
MPRegen  0.15/turn              (no ring)
                                (no ring)
                                (no ring)

@: no status effects
A: almost no armour, stealthy swim, amphibious, 8 rings, constrict 8, beak,
slimy green scales 1, camouflage 1, clarity, high mp 1, sense surroundings 1,
robust 1, gelatinous body 1
a: Draw Escape, Draw Destruction, Draw Summoning, Renounce Religion


You were on level 8 of the Dungeon.
You worshipped Nemelex Xobeh.
Nemelex Xobeh was aware of your devotion.
You were not hungry.

You visited 2 branches of the dungeon, and saw 9 of its levels.
You also visited: Bailey.

You collected 561 gold pieces.
You spent 377 gold pieces at shops.

Inventory:

Hand Weapons
 a - a +0 falchion of chaos
 t - a +0 blowgun
 v - a +4 long sword (weapon)
 N - a +3 rapier of venom
 Q - a +0 scimitar
Missiles
 L - 8 javelins of penetration (quivered)
Armour
 E - the +2 hat of the Duchess (worn) {*Drain rC+ Slay+2}
   (You found it on level 5 of the Dungeon)

   It affects your accuracy and damage with ranged weapons and melee attacks
   (+2).
   It protects you from cold.
   It causes draining when unequipped.
 H - a +0 shield
Jewellery
 q - the amulet of Twilight {rF- rC+++ rN+ Regen+ Dex-5}
   (You found it on level 4 of the Dungeon)

   [amulet of regeneration]

   It affects your dexterity (-5).
   It makes you vulnerable to fire.
   It renders you almost immune to cold.
   It protects you from negative energy.
   It increases your rate of regeneration.
 u - a ring of fire (left tentacle)
 F - a ring of resist corrosion (right tentacle)
Wands
 B - a wand of paralysis (10)
 C - a wand of polymorph (11)
 G - a wand of iceblast (8)
 K - a wand of digging (4)
Scrolls
 c - 3 scrolls of remove curse {@r2}
 d - 4 scrolls of enchant weapon
 f - a scroll of immolation {unknown}
 j - 2 scrolls of blinking
 p - 2 scrolls of fear
 y - 2 scrolls of magic mapping {unknown}
 z - 2 scrolls of teleportation {@r3}
 A - a scroll of fog {unknown}
 M - a scroll of noise {unknown}
 O - a scroll of acquirement
Potions
 e - a potion of berserk rage
 k - 6 potions of curing {@q1}
 m - a potion of resistance
 n - 4 potions of haste
 o - 3 potions of brilliance {unknown}
 r - 2 potions of lignification {unknown}
 x - a potion of flight {unknown}
 J - 3 potions of mutation {unknown}
Comestibles
 b - 15 rations


   Skills:
 - Level 8.0 Fighting
 - Level 8.0 Long Blades
 - Level 7.0 Dodging
 - Level 4.0 Stealth
 * Level 6.1 Shields
 + Level 6.5 Invocations
 - Level 2.0 Evocations


You had 9 spell levels left.
You didn't know any spells.
Your spell library was empty.

Dungeon Overview and Level Annotations

Branches:
Dungeon (8/15)             Temple (1/1) D:5
   Lair: D:8-11

Altars:
Ashenzari
Dithmenos
Makhleb
Nemelex Xobeh
Okawaru
Trog
Uskayaw
Vehumet
Zin

Shops:
D:6 }

Annotations:
D:6 1 runed translucent door, hemabe's ghost, novice HuAr


Innate Abilities, Weirdness & Mutations

You cannot wear most types of armour.
You are very stealthy in the water. (Stealth+)
You are amphibious.
You can wear up to eight rings at the same time.
You can use your tentacles to constrict eight enemies at once.
Your skin changes colour to match your surroundings (Stealth+).
Your rubbery body absorbs attacks. (AC +1, EV +1)
You have a beak for a mouth.
You are partially covered in slimy green scales. (AC +2)
You possess an exceptional clarity of mind.
You have an increased reservoir of magic. (+10% MP)
You passively map a small area around you.
You are robust. (+10% HP)


Message History

You see here an orc corpse.
You see here a +0 dagger.
You start resting.
An ogre comes into view. It is wielding a +0 giant club.
There is an open door here.
An ogre is nearby!
You close the door.
You start resting.
An ogre opens the door.
It is wielding a +0 giant club.
You barely miss the ogre. You squeeze the ogre.
The ogre hits you with a +0 giant club!
* * * LOW HITPOINT WARNING * * *
You hit the ogre. You hit the ogre. The ogre hits you with a +0 giant club!
* * * LOW HITPOINT WARNING * * *
You draw a card...
You have drawn the Storm.
A fierce wind blows from the card.
You hear a mighty peal of thunder!
The ogre hits you with a +0 giant club!!
You die...
Your body disappears without a glow.

* *
*###################
,
#.......#..........
,
#....)..#..<.......
, ,
#.......#..........
,,
#.......#..........
,
#.......O@.........,
##)#######+######.[
* ##..###†##.#### *
**** .
............... ,, ,
, ......)..[..... ,
, ##.....)...$... ,
* #.O........... , *
* , *#...##....##..
* , , #...*##+### .
*


You could see an ogre.

Vanquished Creatures
  An orc high priest (Bailey)
  A kobold demonologist (Bailey)
  Grinder (D:5)
  A hungry ghost (D:7)
  Edmund (D:5)
  A water moccasin (D:6)
  Duvessa (D:5)
  14 orc warriors
  An ice beast (D:6)
  A sky beast (D:7)
  A black bear (D:6)
  5 ogres
  A centaur (D:7)
  A big kobold (D:7)
  2 bullfrogs
  Dowan (D:5)
  A killer bee (D:5)
  5 electric eels (Bailey)
  4 howler monkeys
  A crimson imp (D:5)
  3 orc priests (D:6)
  2 hounds (D:5)
  A jelly (D:6)
  2 bullfrog skeletons
  8 orc wizards
  4 iguanas
  5 worker ants
  A worker ant zombie (D:6)
  9 gnolls
  A howler monkey skeleton (D:6)
  10 adders
  A shadow imp (D:6)
  3 oozes
  An adder zombie (D:6)
  2 adder skeletons
  4 worms
  A dart slug (D:2)
  4 leopard geckos
  25 orcs
  9 bats
  8 giant cockroaches
  11 goblins
  13 hobgoblins
  7 jackals
  A quokka (D:4)
  6 frilled lizards
  11 kobolds
  A quokka skeleton (D:5)
  4 rats
203 creatures vanquished.

Vanquished Creatures (collateral kills)
  A hornet (D:7)
  A howler monkey (D:7)
2 creatures vanquished.

Grand Total: 205 creatures vanquished

Notes
Turn   | Place    | Note
-------+----------+-------------------------------------------
     0 | D:1      | fakeknee the Octopode Chaos Knight began the quest for the
                  | Orb.
     0 | D:1      | Reached XP level 1. HP: 16/16 MP: 1/1
   194 | D:1      | Reached skill level 1 in Stealth
   253 | D:1      | XOM: harmless Air miscast
   286 | D:1      | Reached XP level 2. HP: 16/21 MP: 2/2
   394 | D:1      | XOM: harmless Chrm miscast
   707 | D:2      | XOM: confuse monster(s)
   718 | D:2      | Reached XP level 3. HP: 5/26 MP: 3/3
   727 | D:2      | XOM: cloud trail
  1176 | D:2      | XOM: divination: magic mapping
  1192 | D:2      | XOM: silly message
  1214 | D:2      | Reached XP level 4. HP: 31/31 MP: 4/4
  1467 | D:2      | XOM: silly message
  1825 | D:3      | XOM: divination: magic mapping
  1866 | D:3      | Reached XP level 5. HP: 37/37 MP: 5/5
  1922 | D:3      | XOM: harmless Necr miscast
  2040 | D:3      | XOM: summons 1 hostile demon
  2188 | D:2      | XOM: harmless Tloc miscast
  2659 | D:3      | XOM: harmless Tmut miscast
  2963 | D:3      | XOM: medium Tloc miscast
  3283 | D:3      | XOM: harmless Pois miscast
  3341 | D:3      | XOM: give mutation
  3341 | D:3      | Gained mutation: Scrolls take you a little longer to read.
                  | [Xom's mischief]
  3382 | D:3      | XOM: summons 2 hostile demons
  3594 | D:4      | XOM: harmless Necr miscast
  3609 | D:4      | Reached skill level 5 in Fighting
  3609 | D:4      | Reached XP level 6. HP: 42/45 MP: 6/6
  3771 | D:4      | XOM: medium Tmut miscast
  3958 | D:4      | Got a flickering sapphire amulet
  3983 | D:4      | XOM: give mutations
  3983 | D:4      | Gained mutation: You have a beak for a mouth. [Xom's grace]
  3983 | D:4      | Gained mutation: You are partially covered in slimy green
                  | scales. (AC +2) [Xom's grace]
  3983 | D:4      | Gained mutation: You have an increased reservoir of magic.
                  | (+10% MP) [Xom's grace]
  3983 | D:4      | Gained mutation: You passively map a small area around you.
                  | [Xom's grace]
  4006 | D:4      | XOM: scenery: 1 doors open
  4210 | D:4      | Reached XP level 7. HP: 42/52 MP: 7/7
  4271 | D:4      | XOM: give mutations
  4271 | D:4      | Gained mutation: You are robust. (+10% HP) [Xom's grace]
  4271 | D:4      | Gained mutation: You possess an exceptional clarity of
                  | mind. [Xom's grace]
  4358 | D:4      | Found a shattered altar of Ashenzari.
  4523 | D:4      | Identified the amulet of Twilight {rF- rC+++ rN+ Regen+
                  | Dex-5} (You found it on level 4 of the Dungeon)
  4528 | D:5      | Entered Level 5 of the Dungeon
  4564 | D:5      | Found a glowing silver altar of Zin.
  4564 | D:5      | Found an iron altar of Okawaru.
  4565 | D:5      | Found a hide-covered altar of Uskayaw.
  5104 | D:5      | XOM: harmless Tmut miscast
  5154 | D:5      | XOM: silly message
  5196 | D:5      | Reached skill level 5 in Long Blades
  5463 | D:5      | Noticed Duvessa
  5482 | D:5      | Noticed Dowan
  5501 | D:5      | Killed Duvessa
  5501 | D:5      | Reached XP level 8. HP: 53/63 MP: 8/8
  5511 | D:5      | Killed Dowan
  5577 | D:5      | Got a jewelled hat
  5787 | D:5      | XOM: silly message
  5857 | D:4      | XOM: divination: detect items
  5893 | D:4      | Identified the +2 hat of the Duchess {*Drain rC+ Slay+2}
                  | (You found it on level 5 of the Dungeon)
  5953 | D:4      | XOM: scenery: 1 doors close
  6069 | D:5      | Found a staircase to the Ecumenical Temple.
  6079 | Temple   | Entered the Ecumenical Temple
  6116 | Temple   | Fell from the grace of Xom
  6116 | Temple   | Became a worshipper of Nemelex Xobeh the Trickster
  6219 | D:5      | Noticed Edmund
  6219 | D:5      | Noticed Grinder
  6293 | D:6      | Received a gift from Nemelex Xobeh
  6483 | D:6      | Reached skill level 1 in Invocations
  6570 | D:6      | Reached skill level 1 in Evocations
  6643 | D:6      | XOM: stat loss: -2 Str (10/12)
  6645 | D:6      | Reached skill level 5 in Dodging
  6688 | D:6      | Found Nohakoz's Gadget Shoppe.
  6696 | D:6      | Bought a wand of paralysis (13) for 195 gold pieces
  6696 | D:6      | Bought a wand of iceblast (10) for 182 gold pieces
  6702 | D:6      | XOM: mild Ice miscast
  7196 | D:6      | XOM: noise
  7316 | D:6      | XOM: noise
  7345 | D:6      | Reached XP level 9. HP: 56/69 MP: 12/12
  7463 | D:6      | XOM: stat loss: -1 Int (13/14)
  7525 | D:6      | Found a runed translucent door.
  7525 | D:6      | Noticed hemabe's ghost (novice HuAr)
  7554 | D:6      | Reached * piety under Nemelex Xobeh
  7692 | D:6      | XOM: summons 14 hostile demons
  7752 | D:5      | Killed Edmund
  7778 | D:5      | Killed Grinder
  8109 | D:5      | Found an iron altar of Okawaru.
  8109 | D:5      | Found a hide-covered altar of Uskayaw.
  8109 | D:5      | Found a glowing silver altar of Zin.
  8124 | D:7      | Noticed a hornet
  8133 | D:7      | Killed a hornet
  8138 | D:7      | Reached skill level 1 in Shields
  8146 | D:7      | Found a shadowy altar of Dithmenos.
  8175 | D:7      | XOM: medium Erth miscast
  8473 | D:7      | Found a flagged portal.
  8483 | Bailey   | Entered a bailey
  8525 | Bailey   | XOM: cloud trail
  8706 | Bailey   | Reached skill level 5 in Invocations
  8730 | Bailey   | Noticed a kobold demonologist
  8742 | Bailey   | Killed a kobold demonologist
  8742 | Bailey   | Reached XP level 10. HP: 79/79 MP: 15/15
  8748 | Bailey   | Found an iron altar of Okawaru.
  8748 | Bailey   | Noticed an orc high priest
  8901 | Bailey   | Killed an orc high priest
  9093 | Bailey   | XOM: medium Ice miscast
  9289 | Bailey   | Reached skill level 5 in Shields
  9811 | Bailey   | XOM: stat loss: -3 Str (9/12)
  9886 | Bailey   | Found an iron altar of Okawaru.
 10068 | Bailey   | XOM: give mutation
 10068 | Bailey   | Lost mutation: Scrolls take you a little longer to read.
                  | [Xom's mischief]
 10359 | D:7      | XOM: medium Conj miscast
 10451 | D:7      | Received a gift from Nemelex Xobeh
 10550 | D:7      | XOM: give mutation
 10559 | D:7      | XOM: mild Erth miscast
 10622 | D:7      | XOM: medium Summ miscast
 10881 | D:8      | XOM: 5-stop teleportation journey
 10929 | D:8      | Demolished by an ogre

Levels and vault maps discovered:
D:1:      shiori_arrival_oz, layout_basic
D:2:      layout_loops_ring, minmay_tripent
D:3:      layout_loops_ring
D:4:      layout_gridville, kennysheep_mini
D:5:      minmay_opposing_rooms, layout_layer_cave,
          chequers_temple_overflow_statue_of_worship, lemuel_temple_firewalk_b,
          first_ration, uniq_duvessa, uniq_edmund, uniq_grinder
D:6:      layout_basic, gammafunk_ghost_grave, serial_shops,
          nicolae_shop_waterfront, kennysheep_generic_room_16
D:7:      kennysheep_spiral_hall, layout_loops_ring, enter_bailey_6,
          nicolae_dithmenos_through_a_glass_darkly
D:8:      layout_gridville, gammafunk_ghost_cemetery
Temple:   dpeg_five_rooms_temple
Bailey:   bailey_axe_of_yendor_kennysheep, bailey

Skill      XL: |  1  2  3  4  5  6  7  8  9 10 |
---------------+-------------------------------+-----
Stealth        | 1 2 3 4 |  4.0
Long Blades    | 4 5 6 7 8 |  8.0
Fighting       | 5 6 7 8 |  8.0
Dodging        | 4 5 6 7 |  7.0
Invocations    | 3 5 6 |  6.5
Evocations     | 2 |  2.0
Shields        | 3 6 |  6.1

Action                   |  1- 3 |  4- 6 |  7- 9 | 10-12 || total
-------------------------+-------+-------+-------+-------++-------
Melee: Falchion          |    45 |   100 |       |       ||   145
       Constrict         |    19 |    30 |    50 |    32 ||   131
       Tentacles         |    10 |    27 |    41 |    26 ||   104
       Long sword        |       |    13 |   157 |   127 ||   297
       Peck              |       |     4 |    41 |    26 ||    71
       Unarmed           |       |       |     6 |       ||     6
 Fire: Blowgun           |       |     6 |       |       ||     6
Throw: Tomahawk          |       |       |     1 |       ||     1
 Abil: Draw Destruction  |       |       |     2 |     5 ||     7
       Draw Summoning    |       |       |     1 |       ||     1
Evoke: Wand              |       |       |    15 |     5 ||    20
  Use: Scroll            |       |     4 |    10 |     2 ||    16
       Potion            |       |     1 |     1 |       ||     2
 Stab: Sleeping          |     6 |     9 |    12 |     5 ||    32
       Paralysed         |     1 |       |     7 |       ||     8
       Confused          |       |     1 |       |       ||     1
       Distracted        |       |       |     2 |       ||     2
  Eat: Chunk             |     1 |     9 |     9 |     3 ||    22
       Ration            |       |       |     2 |     1 ||     3
Armor: Skin              |     5 |     6 |    21 |     5 ||    37
Dodge: Dodged            |    33 |    65 |    88 |    56 ||   242
       Rpst.: Falchion   |    13 |    18 |       |       ||    31
       Long sword        |       |     4 |    32 |    12 ||    48

Table legend:
 A = Non-vault XP
 B = Vault XP
 C = Vault XP percentage of total XP
 D = Non-vault monster count
 E = Vault monster count
 F = Vault count percentage of total count
                 A         B        C        D         E       F
            +---------+---------+-------+---------+---------+-------
      Total |    3552 |    4153 |  53.9 |     147 |      58 |  28.3
            +---------+---------+-------+---------+---------+-------
        D:1 |      14 |       1 |   6.7 |       8 |       1 |  11.1
        D:2 |      79 |       3 |   3.7 |      16 |       2 |  11.1
        D:3 |     157 |       0 |   0.0 |      32 |       0 |   0.0
        D:4 |     384 |       0 |   0.0 |      16 |       0 |   0.0
        D:5 |     517 |     946 |  64.7 |      15 |      10 |  40.0
        D:6 |    1151 |       0 |   0.0 |      29 |       0 |   0.0
        D:7 |     989 |     141 |  12.5 |      25 |       1 |   3.8
        D:8 |     261 |       0 |   0.0 |       6 |       0 |   0.0
     Bailey |       0 |    3062 | 100.0 |       0 |      44 | 100.0
            +---------+---------+-------+---------+---------+-------
